 Dungeon Crawl Stone Soup version 0.30-a0-691-g754fce4c43 (webtiles) character file.

Game seed: 12513806784868409571

158 Newt the Trooper (level 5, -1/42 HPs)
             Began as a Demonspawn Gladiator on Jan 19, 2023.
             Was a Believer of Cheibriados.
             Killed by divine providence
             ... invoked by an orc priest
              (15 damage)
             ... on level 4 of the Dungeon.
             The game lasted 00:02:47 (2724 turns).

Newt the Trooper (Demonspawn Gladiator)             Turns: 2724, Time: 00:02:48

Health: -1/42      AC: 10    Str: 20    XL:     5   Next: 16%
Magic:  5/5        EV: 13    Int: 13    God:    Cheibriados [**....]
Gold:   76         SH:  0    Dex: 19    Spells: 4/4 levels left

rFire   . . .      SeeInvis .    a - +0 rapier
rCold   . . .      Faith    .    (no shield)
rNeg    . . .      Spirit   .    b - +0 leather armour
rPois   .          Reflect  .    c - +0 helmet
rElec   .          Harm     .    (no cloak)
rCorr   .          Rampage  .    (no gloves)
Will    .....                    (no boots)
Stlth   ++                       (no amulet)
HPRegen 0.27/turn                (no ring)
MPRegen 0.09/turn                (no ring)

@: sanguine armoured, very slow
A: powered by pain 2, sanguine armour 1
a: Renounce Religion, Bend Time


You were on level 4 of the Dungeon.
You worshipped Cheibriados.
Cheibriados was pleased with you.
You visited 1 branch of the dungeon, and saw 4 of its levels.

You collected 76 gold pieces.

Inventory:

Hand Weapons
 a - a +0 rapier (weapon)
Missiles
 d - 3 throwing nets (quivered)
 n - a javelin
Armour
 b - a +0 leather armour (worn)
 c - a +0 helmet (worn)
 i - a +2 robe of positive energy
 p - a +0 pair of gloves
Jewellery
 o - a ring of willpower
Scrolls
 h - 2 scrolls of identify
 j - a scroll of enchant armour {unknown}
 k - a scroll of teleportation
 m - a scroll of blinking {unknown}
Potions
 e - a potion of berserk rage {unknown}
 f - a potion of attraction
 g - a potion of curing
 l - a potion of brilliance {unknown}


   Skills:
 - Level 4.0 Fighting
 + Level 3.1 Short Blades
 - Level 1.7 Throwing
 - Level 2.6 Dodging
 - Level 3.0 Stealth


You had 4 spell levels left.
You didn't know any spells.
Your spell library contained the following spells:

 Spells                   Type           Power      Damage    Failure   Level
 Sting                    Tmut/Pois      0%         1d3       36%         1
 Blink                    Tloc           0%         N/A       50%         2
 Poisonous Vapours        Pois/Air       0%         N/A       50%         2
 Scorch                   Fire           0%         2d5       50%         2
 Flame Wave               Conj/Fire      0%         2d4       98%         4
 Manifold Assault         Tloc           0%         N/A       98%         4
 Olgreb's Toxic Radiance  Pois           0%         N/A       98%         4
 Summon Cactus Giant      Summ           0%         N/A       100%        6
 Storm Form               Tmut/Air       0%         N/A       100%        7


Dungeon Overview and Level Annotations

Branches:
Dungeon (4/15)
 Temple: D:4-7

Altars:
Cheibriados
Wu Jian


Innate Abilities, Weirdness & Mutations

You sometimes gain power by taking damage.
When seriously injured, your blood forms armour. (AC +6)


Message History

The orc attacks as you move away! The orc hits you but does no damage.
The orc closely misses you. The orc attacks as you move away!
The orc misses you. The orc attacks as you move away!
The orc barely misses you. The orc misses you.
The orc priest attacks as you move away!
The orc priest hits you with a +0 short sword.
The orc priest attacks as you move away!
The orc priest hits you with a +0 short sword.
The orc attacks as you move away! The orc misses you.
The orc priest looks encouraged for a moment.
The giant cockroach misses you. The giant cockroach closely misses you.
The giant cockroach bites you.
The orc priest invokes the aid of Beogh against you.
Beogh smites you!
Your blood congeals into armour.
The giant cockroach misses you.
You hear a shout!
You hear a shout! x2
The giant cockroach bites you.
The giant cockroach attacks as you move away!
The giant cockroach closely misses you.
The giant cockroach bites you but does no damage.
The giant cockroach attacks as you move away!
The giant cockroach closely misses you. x2
The orc priest looks braver for a moment.
The giant cockroach bites you but does no damage.
The orc priest calls down the wrath of Beogh upon you.
Beogh smites you!
The giant cockroach attacks as you move away!
The giant cockroach barely misses you.
The giant cockroach bites you but does no damage.
There is a stone staircase leading up here.
The giant cockroach attacks as you move away!
The giant cockroach barely misses you.
The giant cockroach bites you but does no damage.
You closely miss the giant cockroach. The giant cockroach barely misses you.
You closely miss the giant cockroach. The giant cockroach misses you.
The orc priest invokes the aid of Beogh against you.
Beogh smites you!
You die...

+# # #.........
.#. #.........
#.####
#.........
###....#
#.........
#.+....#
#....o....
#.#....#
#.........
#.#.o).#
#...oo....
#..@B..#
#......B..
#########.####.#
#..B......
...........# #.#
###.######
...........# #o#
#.# ...........#
#.######.#
...........#
#.#....o.#
..........##
#.#..o...#
..........#
#.#g.....#
..........#
#..o..##.#


You could see an orc priest and a giant cockroach.

Vanquished Creatures
  Jessica (D:2)
  Robin (D:3)
  3 adders (D:3)
  A worm (D:2)
  4 dart slugs
  3 orcs
  6 bats
  7 endoplasms
  4 giant cockroaches
  11 goblins
  11 hobgoblins
  4 jackals (D:3)
  A quokka (D:3)
  7 ball pythons
  4 frilled lizards
  4 kobolds
  3 rats (D:2)
75 creatures vanquished.

Notes
Turn   | Place    | Note
-------+----------+-------------------------------------------
     0 | D:1      | Newt the Demonspawn Gladiator began the quest for the Orb.
     0 | D:1      | Reached XP level 1. HP: 16/16 MP: 1/1
   204 | D:1      | Reached skill level 1 in Stealth
   300 | D:1      | Gained mutation: When seriously injured, your blood forms
                  | armour. (AC +6) [demonic ancestry]
   300 | D:1      | Reached XP level 2. HP: 21/22 MP: 2/2
   986 | D:2      | Reached XP level 3. HP: 25/27 MP: 3/3
  1339 | D:2      | Noticed Jessica
  1354 | D:2      | Killed Jessica
  1355 | D:2      | Gained mutation: You sometimes gain a little power by
                  | taking damage. [demonic ancestry]
  1355 | D:2      | Reached XP level 4. HP: 22/34 MP: 4/4
  1449 | D:2      | Reached skill level 3 in Fighting
  1966 | D:3      | Found a faded altar of an unknown god.
  1974 | D:3      | Prayed at the altar of an unknown god.
  1974 | D:3      | Became a worshipper of Cheibriados the Contemplative
  1974 | D:3      | Reached * piety under Cheibriados
  2301 | D:3      | Found an ornate altar of the Wu Jian Council.
  2454 | D:3      | Reached skill level 4 in Fighting
  2475 | D:3      | Gained mutation: You sometimes gain power by taking damage.
                  | [demonic ancestry]
  2475 | D:3      | Reached XP level 5. HP: 26/42 MP: 5/5
  2493 | D:3      | Reached ** piety under Cheibriados
  2496 | D:3      | Noticed Robin
  2506 | D:3      | Killed Robin
  2724 | D:4      | Killed from afar by an orc priest

Illustrated notes

Levels and vault maps discovered:
D:1:      nagdon_arrival_double_spiral, layout_basic, serial_glass,
          glass_columns_b, glass_columns_a, glass_columns_b, glass_columns_c,
          glass_columns_b, glass_columns_a, glass_columns_b, glass_columns_a
D:2:      layout_loops_ring, kennysheep_generic_room_7, uniq_jessica
D:3:      layout_basic, general_overflow_altar, mainiacjoe_overflow_paths,
          dreamdust_ecumenical_altar_statues, minmay_misc_feat_doors,
          minmay_pentomino_pile, uniq_robin
D:4:      layout_basic, kennysheep_slug_shrine

Skill      XL: |  1  2  3  4  5 |
---------------+----------------+-----
Stealth        | 1 2 3 |  3.0
Fighting       | 4 |  4.0
Short Blades   | 3 |  3.1
Throwing       | |  1.7
Dodging        | |  2.6

Action                   |  1- 3 |  4- 6 || total
-------------------------+-------+-------++-------
Melee: Rapier            |   108 |   129 ||   237
       Punch             |     1 |     2 ||     3
Throw: Throwing net      |     3 |       ||     3
       Javelin           |     1 |     1 ||     2
  Use: Scroll            |     5 |       ||     5
 Stab: Sleeping          |     4 |     6 ||    10
Armor: Leather armour    |    41 |    41 ||    82
Dodge: Dodged            |    85 |    89 ||   174

Table legend: (Time is in decaauts)
 A = Elapsed time spent in this place.
 B = Non-inter-level travel time spent in this place.
 C = Inter-level travel time spent in this place.
 D = Time resting spent in this place.
 E = Time spent auto-exploring this place.
 F = Levels seen in this place.
 G = Mean time per level.
                   A        B        C        D        E       F      G
               +--------+--------+--------+--------+--------+-----+--------+
         Total |   2977 |   2937 |     40 |     66 |   2239 |   4 |  744.2 |
       Dungeon |   2977 |   2937 |     40 |     66 |   2239 |   4 |  744.2 |
               +--------+--------+--------+--------+--------+-----+--------+

Top non-repeatable levels by time:
     D:3: 1098 daAuts
     D:1: 978 daAuts
     D:2: 792 daAuts
     D:4: 107 daAuts
